 Dungeon Crawl Stone Soup version 0.28.0-43-g3370ac3207 (webtiles) character file.

Game seed: 6761193204239629823

53 Eitelfritz the Skirmisher (level 3, -1/51 HPs)
             Began as a Hill Orc Fighter on Mar 9, 2022.
             Slain by an orc
             ... wielding a +4 falchion of electrocution
              (5 damage)
             ... on level 3 of the Dungeon.
             The game lasted 00:02:13 (1989 turns).

Eitelfritz the Skirmisher (Hill Orc Fighter)        Turns: 1989, Time: 00:02:14

Health: -1/51      AC: 21    Str: 20    XL:     3   Next: 89%
Magic:  3/3        EV:  2    Int:  8    God:
Gold:   57         SH:  4    Dex: 10    Spells: 2/2 levels left

rFire   . . .      SeeInvis .   a - +0 war axe
rCold   . . .      Faith    .   c - +0 buckler
rNeg    . . .      Spirit   .   (armour currently unavailable)
rPois   +          Reflect  .   (helmet currently unavailable)
rElec   .          Harm     .   (cloak currently unavailable)
rCorr   .          Rampage  .   (gloves currently unavailable)
Will    .....      NoTele   +   (boots currently unavailable)
Stlth   +.........              (no amulet)
HPRegen 0.17/turn               (no ring)
MPRegen 0.08/turn               (no ring)

@: tree-form
A: stationary, stasis, torment immunity, boosted hp
a: no special abilities


You were on level 3 of the Dungeon.
You were a tree.
You visited 1 branch of the dungeon, and saw 3 of its levels.

You collected 57 gold pieces.

Inventory:

Hand Weapons
 a - a +0 war axe (weapon)
Armour
 b - a +0 scale mail (melded)
 c - a +0 buckler (worn)
 h - a +0 pair of boots (melded)
Scrolls
 e - 2 scrolls of teleportation {unknown}
 f - a scroll of immolation {unknown}
 i - a scroll of enchant weapon {unknown}
 j - a scroll of blinking {unknown}
Potions
 d - a potion of might
 g - a potion of lignification


   Skills:
 + Level 4.4 Fighting
 + Level 4.0 Axes
 + Level 3.6 Armour
 + Level 0.3 Dodging
 + Level 3.3 Shields


You had 2 spell levels left.
You didn't know any spells.
Your spell library contained the following spells:

 Spells                   Type           Power      Damage    Failure   Level
 Sublimation of Blood     Necr           0%         N/A       65%         2
 Petrify                  Tmut/Erth      0%         N/A       99%         4
 Irradiate                Conj/Tmut      0%         3d13      100%        5


Dungeon Overview and Level Annotations

Branches:
Dungeon (3/15)

Altars:
Fedhas

Annotations:
D:2 1 runed translucent door, Crazy Yiuf


Message History

An orc comes into view.
It is wielding a +4 falchion of electrocution.
The orc moves out of view.
You hear a shout!
You hear a shout!
The orc throws a boomerang.
The boomerang hits you. The orc closely misses you.
You barely miss the orc.
The orc hits you with a +4 falchion of electrocution.
You are electrocuted!
You hit the orc.
The orc is lightly wounded.
You hit the orc.
The orc is heavily wounded.
You barely miss the orc. The orc hits you but does no damage.
The orc hits you with a +0 short sword.
* * * LOW HITPOINT WARNING * * *
You block the orc's attack.
Unknown command.
You hit the orc.
The orc is moderately wounded.
You barely miss the orc. The orc closely misses you.
The orc hits you with a +4 falchion of electrocution!
* * * LOW HITPOINT WARNING * * *
The orc hits you but does no damage.
Unknown command.
It was a potion of lignification.
You turn into a tree.
Your +0 pair of boots melds into your body.
Your +0 scale mail melds into your body.
Your roots penetrate the ground.
The orc hits you but does no damage. x2
You closely miss the orc.
The orc is moderately wounded.
You hit the orc. You block the orc's attack.
The orc hits you with a +0 short sword.
* * * LOW HITPOINT WARNING * * *
You closely miss the orc.
The orc is moderately wounded.
You hit the orc.
You kill the orc!
The orc hits you with a +4 falchion of electrocution.
You die...

##.#....##.# ###
#.#.##.##.# ....
##.........####.#.#
...................
###...#####.#...#.#
...............##.#
##.....##.#..##.#
#..........o##.###.#
#####.##.##...♣)......#
.......†....#..###<...#
######.#.##.#..# ..#.#
.....##....# ..# #
....#..####..# o..
......+..# #..# o.#.
......#.## #..# ....#
..... #. #..# #.# #
..... ## #..#


You could see an orc.

Vanquished Creatures
  2 worms
  2 dart slugs
  An orc (D:3)
  7 endoplasms
  3 giant cockroaches
  2 goblins (D:1)
  4 hobgoblins
  2 kobolds
  4 quokkas
  5 ball pythons
  A bat (D:1)
  A frilled lizard (D:2)
  4 rats
38 creatures vanquished.

Notes
Turn   | Place    | Note
-------+----------+-------------------------------------------
     0 | D:1      | Eitelfritz the Hill Orc Fighter began the quest for the
                  | Orb.
     0 | D:1      | Reached XP level 1. HP: 19/19 MP: 1/1
   239 | D:1      | Reached XP level 2. HP: 27/27 MP: 2/2
  1107 | D:2      | Reached XP level 3. HP: 33/33 MP: 3/3
  1113 | D:2      | Found a blossoming altar of Fedhas.
  1677 | D:2      | Found a runed translucent door.
  1678 | D:2      | Noticed Crazy Yiuf
  1989 | D:3      | Slain by an orc

Illustrated notes

Levels and vault maps discovered:
D:1:      nzn_arrival_crosshair, layout_loops_ring
D:2:      layout_loops_ring, basic_altar, uniq_crazy_yiuf_cottage
D:3:      layout_basic, lightli_temple_of_fire, serial_shops,
          nicolae_shop_statue_plus

Skill      XL: |  1  2  3 |
---------------+----------+-----
Fighting       | 4 |  4.4
Axes           | 3 4 |  4.0
Armour         | |  3.6
Dodging        | |  0.3
Shields        | |  3.3

Action                   || total
-------------------------++-------
Melee: War axe           ||   129
  Use: Potion            ||     1
Armor: Scale mail        ||    50
       Skin              ||     2
Dodge: Dodged            ||    59
Block: Buckler           ||    33
